 Dungeon Crawl Stone Soup version 0.29-a0-541-gaf1fc19f1b (webtiles) character file.

Game seed: 11954867060990497327

23 zishaf the Grave Robber (level 2, 0/24 HPs)
             Began as a Demigod Wanderer on June 2, 2022.
             Slain by an orc
             ... wielding a +0 trident
              (5 damage)
             ... on level 3 of the Dungeon.
             The game lasted 00:02:54 (1159 turns).

zishaf the Grave Robber (Demigod Wanderer)          Turns: 1159, Time: 00:02:54

Health: 0/24       AC:  8    Str: 13    XL:     2   Next: 54%
Magic:  5/5        EV:  8    Int: 18    God:
Gold:   32         SH:  2    Dex:  9    Spells: 2/3 levels left

rFire   . . .      SeeInvis .   a - +0 club
rCold   . . .      Faith    .   p - +0 buckler
rNeg    . . .      Spirit   .   c - +0 scale mail
rPois   .          Reflect  .   (no helmet)
rElec   .          Harm     .   q - +0 cloak
rCorr   .          Rampage  .   (no gloves)
Will    .....                   e - +0 pair of boots
Stlth   ..........              (no amulet)
HPRegen 0.08/turn               (no ring)
MPRegen 0.09/turn               (no ring)

@: no status effects
A: high MP 1, forlorn, divine attributes
a: no special abilities


You were on level 3 of the Dungeon.
You visited 1 branch of the dungeon, and saw 3 of its levels.

You collected 32 gold pieces.

Inventory:

Hand Weapons
 a - a +0 club (weapon)
Armour
 c - a +0 scale mail (worn)
 e - a +0 pair of boots (worn)
 p - a +0 buckler (worn)
 q - a +0 cloak (worn)
Scrolls
 b - a scroll of fear
 f - 2 scrolls of noise {unknown}
 g - a scroll of torment {unknown}
 h - a scroll of enchant weapon {unknown}
 i - a scroll of immolation {unknown}
 k - a scroll of fog {unknown}
 n - 3 scrolls of identify {unknown}
 o - a scroll of teleportation {unknown}
Potions
 d - a potion of heal wounds {unknown}
 j - a potion of ambrosia {unknown}
 l - 2 potions of brilliance {unknown}
 m - a potion of mutation {unknown}


   Skills:
 + Level 1.9 Fighting
 - Level 1.0 Throwing
 - Level 1.0 Armour
 + Level 0.0 Shields
 - Level 1.0 Spellcasting
 - Level 2.6 Necromancy
 + Level 2.4 Ice Magic
 - Level 1.0 Evocations


You had 2 spell levels left.
You knew the following spells:

 Your Spells              Type           Power      Damage    Failure   Level
a - Freeze                Ice            36%        1d6       43%         1

Your spell library contained the following spells:

 Spells                   Type           Power      Damage    Failure   Level
 Necrotize                Necr           40%        1d6       41%         1
 Vampiric Draining        Necr           10%        2d6       78%         3
 Ozocubu's Armour         Ice            9%         N/A       82%         3
 Hailstorm                Conj/Ice       5%         3d4       100%        4
 Agony                    Necr           10%        N/A       100%        5


Dungeon Overview and Level Annotations

Branches:
Dungeon (2/15)


Innate Abilities, Weirdness & Mutations

You have an increased reservoir of magic. (+10% MP)
You shall have no god before yourself.
Your divine heritage dramatically boosts your attributes as you level up.


Message History

Done exploring.
(D) Dungeon
Where to? (? - help)
Things that are here:
a +0 club; a goblin skeleton
There is a stone staircase leading down here.
You climb downwards.
Found a scroll labelled ZYRHAP SOS SES, a hunting sling and a cloak.
Found a stone staircase leading up.
There is a stone staircase leading up here.
f - 2 scrolls labelled ZYRHAP SOS SES (gained 1)
You see here a +0 cloak.
q - a +0 cloak You start putting on your armour.
You continue putting on your +0 cloak. x4
You finish putting on your +0 cloak.
A sourceless malevolence fills the Dungeon...
You fall into a shaft and drop 1 floor!
The shaft crumbles and collapses.
An orc comes into view. It is wielding a +0 trident.
Found 12 gold pieces.
Found 15 gold pieces.
A worm comes into view.
The orc hits you with a +0 trident.
You closely miss the orc. The orc hits you but does no damage.
You hit the orc but do no damage. The orc hits you with a +0 trident.
You hit the orc but do no damage. You block the orc's attack.
The orc barely misses you.
You barely miss the orc. You block the orc's attack.
You hit the orc but do no damage. The orc hits you with a +0 trident.
You hit the orc but do no damage. The orc barely misses you.
The orc hits you with a +0 trident.
You hit the orc but do no damage. The orc hits you but does no damage.
The worm barely misses you.
You hit the orc.
The orc is lightly wounded.
The orc hits you with a +0 trident.
* * * LOW HITPOINT WARNING * * *
The worm barely misses you.
You closely miss the orc. The orc hits you with a +0 trident.
You die...

...#####..####.
.............o$
##...# #..###
##.## . #..# ...
#.## #..#.###
#...o@####
#.....#.w..####
#...########....#
##. ##..$.... #
.###... ## ..


You could see a worm and an orc.

Vanquished Creatures
  A bat (D:1)
  An endoplasm (D:1)
  2 giant cockroaches (D:1)
  3 goblins (D:1)
  3 hobgoblins (D:1)
  A kobold (D:1)
  A quokka (D:1)
  3 ball pythons (D:1)
  5 rats (D:1)
20 creatures vanquished.

Vanquished Creatures (others)
  2 plants (D:1)
2 creatures vanquished.

Grand Total: 22 creatures vanquished

Notes
Turn   | Place    | Note
-------+----------+-------------------------------------------
     0 | D:1      | zishaf the Demigod Wanderer began the quest for the Orb.
     0 | D:1      | zishaf set off with the following items: a +0 club, a
                  | scroll of fear, a +0 scale mail; and the following spells
                  | available to memorise: Necrotize, Freeze, Vampiric
                  | Draining, Ozocubu's Armour, Hailstorm
     0 | D:1      | Reached XP level 1. HP: 16/16 MP: 4/4
     2 | D:1      | Learned a level 1 spell: Freeze
   434 | D:1      | Reached XP level 2. HP: 21/23 MP: 5/5
  1134 | D:2      | You fall into a shaft and drop 1 floor!
  1159 | D:3      | Slain by an orc

Illustrated notes

Levels and vault maps discovered:
D:1:      dpeg_arrival_orchard, layout_basic,
          shapermc_ecumenical_altar_mp_urbaneastern
D:2:      minmay_inner_zag, layout_basic, serial_shops, shop, uniq_sigmund
D:3:      layout_rooms, minmay_misc_feat_tiny, chequers_arboretum

Skill      XL: |  1 |
---------------+----+-----
Ice Magic      | 2 |  2.4
Fighting       | |  1.9
Throwing       | |  1.0
Armour         | |  1.0
Spellcasting   | |  1.0
Necromancy     | |  2.6
Evocations     | |  1.0

Action                   || total
-------------------------++-------
Melee: Club              ||    96
       Punch             ||     3
Armor: Scale mail        ||    74
Dodge: Dodged            ||    48
Block: Buckler           ||     2

Table legend: (Time is in decaauts)
 A = Elapsed time spent in this place.
 B = Non-inter-level travel time spent in this place.
 C = Inter-level travel time spent in this place.
 D = Time resting spent in this place.
 E = Time spent auto-exploring this place.
 F = Levels seen in this place.
 G = Mean time per level.
                   A        B        C        D        E       F      G
               +--------+--------+--------+--------+--------+-----+--------+
         Total |   1187 |   1166 |     21 |      0 |    896 |   3 |  395.7 |
       Dungeon |   1187 |   1166 |     21 |      0 |    896 |   3 |  395.7 |
               +--------+--------+--------+--------+--------+-----+--------+

Top non-repeatable levels by time:
     D:1: 1133 daAuts
     D:3: 27 daAuts
     D:2: 26 daAuts
